AoeStats
← [xLERx] Eddie

Fortress

508434069Analyzed
3v3 RM · 9d ago on Sep 22, 2026· 53m 59s· 6 players
Game mode
Random Map
Map size
Large (8 player)
Population
200
Speed
Normal
Resources
Standard
Victory
Conquest
Starting age
Dark Age
Ending age
Imperial Age
RankedLock teamsTeams togetherTeam positionsShared explorationLock speedFull tech treeHidden civsTurbo modeCheats
Victory
Defeat
🇹🇼 Hindustanis · Taiwan
1012
+16
🇹🇼 Italians · Taiwan
982
+17
🇹🇼 Romans · Taiwan
982
+17
🇨🇳 Teutons · China
1030
-17
🇹🇼 Spanish · Taiwan
1015
-17
🇨🇳 Persians · China
979
-16
d2611008
8:11 Feudal Age
8:47 Double-Bit Axe
8:45 Horse Collar
15:47 Castle Age
16:53 Bow Saw
16:47 Heavy Plow
21:35 Wheelbarrow
23:04 Hand Cart
22:56 Stone Mining
25:06 Scale Barding Armor
28:05 Imperial Age
28:14 Stone Shaft Mining
28:19 Gold Mining
28:43 Bloodlines
27:56 Light Cavalry
30:08 Elite Conquistador
32:09 Two-Man Saw
31:27 Hussar
33:53 Husbandry
34:20 Chain Barding Armor
34:17 Forging
38:10 Plate Barding Armor
38:11 Iron Casting
38:26 Cavalier
40:14 Cavalier
42:16 Blast Furnace
41:52 Cavalier
43:39 Paladin
足下的土地
0:27 Loom
6:57 Feudal Age
7:34 Double-Bit Axe
8:46 Horse Collar
15:34 Castle Age
14:03 Fletching
14:13 Padded Archer Armor
14:15 Gold Mining
16:12 Bow Saw
16:06 Stone Mining
16:29 Crossbowman
20:00 Wheelbarrow
20:49 Gold Shaft Mining
21:31 Kamandaran
22:14 Thumb Ring
23:24 Ballistics
23:24 Bloodlines
24:29 Husbandry
26:49 Hand Cart
29:20 Scale Barding Armor
32:51 Imperial Age
34:15 Citadels
35:07 Bodkin Arrow
35:13 Padded Archer Armor
38:15 Two-Man Saw
38:11 Town Watch
40:02 Chemistry
39:44 Leather Archer Armor
42:00 Ring Archer Armor
43:19 Town Patrol
43:46 Forging
43:56 Chain Barding Armor
44:07 Heavy Plow
44:59 Heavy Camel Rider
46:12 Caravan
49:19 Cavalier
52:31 Crop Rotation
52:38 Iron Casting
52:38 Plate Barding Armor
杀神Johnny
8:02 Feudal Age
9:07 Loom
9:17 Double-Bit Axe
11:51 Castle Age
10:00 Horse Collar
12:31 Loom
15:37 Bow Saw
19:12 Wheelbarrow
21:48 Hand Cart
23:38 Gold Mining
23:40 Stone Mining
28:09 Imperial Age
26:21 Ballistics
26:26 Pikeman
27:06 Squires
26:52 Gambesons
27:09 Scale Mail Armor
27:19 Forging
27:40 Ironclad
28:20 Chain Mail Armor
28:51 Stone Shaft Mining
29:24 Iron Casting
28:11 Man-at-Arms
28:37 Arson
30:03 Two-Man Saw
29:06 Heavy Plow
29:15 Halberdier
29:16 Long Swordsman
29:23 Capped Ram
30:56 Plate Mail Armor
30:29 Two-Handed Swordsman
32:13 Blast Furnace
30:43 Capped Ram
31:32 Champion
32:55 Conscription
33:11 Fortified Wall
33:36 Onager
36:19 Siege Engineers
36:26 Masonry
37:18 Chemistry
36:15 Heavy Scorpion
37:45 Hoardings
38:15 Chemistry
39:18 Crop Rotation
45:59 Coinage
45:29 Caravan
45:22 Fletching
49:53 Chemistry
49:25 Siege Onager
51:42 Bombard Tower
[xLERx] Eddie
0:51 Loom
2:29 Loom
7:58 Feudal Age
12:22 Castle Age
10:20 Double-Bit Axe
11:16 Horse Collar
13:13 Bow Saw
22:09 Scale Barding Armor
26:09 Imperial Age
24:04 Ballistas
24:35 Scale Mail Armor
26:07 Forging
26:17 Chain Barding Armor
26:13 Chain Mail Armor
25:23 Man-at-Arms
26:04 Squires
26:06 Gold Mining
27:50 Long Swordsman
30:42 Legionary
33:42 Iron Casting
32:53 Heavy Scorpion
33:08 Elite Skirmisher
34:58 Chemistry
34:16 Pikeman
35:26 Conscription
36:33 Comitatenses
36:44 Fletching
37:52 Bodkin Arrow
37:58 Padded Archer Armor
40:26 Blast Furnace
42:15 Caravan
43:20 Leather Archer Armor
43:41 Plate Barding Armor
43:26 Siege Engineers
43:42 Ballistics
43:33 Masonry
46:09 Halberdier
50:46 Coinage
50:29 Guilds
[xLERx] wuchen
7:21 Feudal Age
8:59 Feudal Age
10:50 Loom
13:25 Castle Age
12:18 Wheelbarrow
12:26 Wheelbarrow
11:41 Double-Bit Axe
14:34 Gold Mining
17:52 Imperial Age
16:37 Wheelbarrow
16:36 Crossbowman
18:43 Fletching
21:51 Padded Archer Armor
23:08 Arbalester
28:22 Bodkin Arrow
29:32 Ballistics
29:33 Bow Saw
32:24 Thumb Ring
39:47 Leather Archer Armor
39:35 Bracer
41:45 Chemistry
40:28 Capped Ram
43:21 Leather Archer Armor
44:18 Horse Collar
48:14 Ring Archer Armor
53:20 Caravan
[xLERx] littleseven
2:49 Loom
8:11 Feudal Age
8:18 Feudal Age
9:31 Horse Collar
12:38 Castle Age
11:16 Double-Bit Axe
13:31 Bow Saw
18:47 Gold Mining
19:46 Wheelbarrow
21:11 Hand Cart
21:30 Grand Trunk Road
25:49 Imperial Age
23:41 Scale Barding Armor
23:47 Heavy Plow
24:21 Bloodlines
24:23 Town Watch
25:32 Forging
25:27 Husbandry
26:10 Chain Barding Armor
26:27 Squires
27:11 Iron Casting
27:31 Town Patrol
26:58 Heavy Camel Rider
28:42 Plate Barding Armor
29:38 Blast Furnace
29:37 Coinage
30:35 Two-Man Saw
31:04 Caravan
31:45 Scale Mail Armor
32:41 Conscription
32:22 Shatagni
32:23 Fletching
33:39 Imperial Camel Rider
34:25 Light Cavalry
35:32 Chain Mail Armor
35:12 Bodkin Arrow
35:17 Padded Archer Armor
36:34 Chemistry
36:25 Banking
35:54 Hussar
36:57 Elite Ghulam
39:16 Bracer
39:31 Leather Archer Armor
42:21 Thumb Ring
47:20 Elite Skirmisher
52:35 Ring Archer Armor
Connection lost

Rejoining the realm…

Still unreachable

The connection could not be restored.

Session expired

The server has moved on; the page needs a fresh start.